 Dungeon Crawl Stone Soup version 0.24.0-7-gb3623d2c88 (webtiles) character file.

Game seed: 9361584608175380367, levelgen mode: deterministic

39 Emblim88 the Shooter (level 3, 0/31 HPs)
             Began as a Centaur Hunter on Nov 2, 2019.
             Succumbed to an adder's poison
             ... on level 3 of the Dungeon.
             The game lasted 00:04:03 (2300 turns).

Emblim88 the Shooter (Centaur Hunter)               Turns: 2300, Time: 00:04:03

Health: 0/31       AC:  6    Str: 14    XL:     3   Next: 26%
Magic:  3/3        EV:  9    Int: 15    God:
Gold:   80         SH:  0    Dex: 10    Spells: 2/2 levels left

rFire    . . .     SeeInvis .   b - +0 short sword
rCold    . . .     Gourm    .   (no shield)
rNeg     . . .     Faith    .   c - +0 leather armour
rPois    .         Spirit   .   (no helmet)
rElec    .         Reflect  .   r - +0 cloak
rCorr    .         Harm     .   i - +0 pair of gloves (curse)
MR       .....                  (no barding)
Stlth    +.........             (no amulet)
HPRegen  0.10/turn              (no ring)
MPRegen  0.08/turn              (no ring)

@: brilliant, lethally poisoned (0 -> -10), very quick
A: large, hooves 3, deformed body, speed 2, tough skin 3
a: no special abilities


You were on level 3 of the Dungeon.
You were not hungry.

You visited 1 branch of the dungeon, and saw 3 of its levels.

You collected 80 gold pieces.

Inventory:

Hand Weapons
 a - a +1 shortbow
 b - a +0 short sword (weapon)
 k - a +0 hunting sling
Missiles
 d - 9 arrows
 e - 37 stones (quivered)
 o - 13 bolts
 q - 2 atropa-tipped darts
 u - 28 poisoned darts
Armour
 c - a +0 leather armour (worn)
 i - a cursed +0 pair of gloves (worn)
 r - a +0 cloak (worn)
Scrolls
 h - 2 scrolls of immolation {unknown}
 l - a scroll of blinking {unknown}
 m - a scroll of identify {unknown}
 n - 2 scrolls of enchant weapon {unknown}
 s - a scroll of fog {unknown}
 t - 3 scrolls of remove curse {unknown}
Potions
 g - a potion of flight {unknown}
 j - a potion of curing {unknown}
Comestibles
 f - 5 rations


   Skills:
 + Level 3.0 Fighting
 + Level 6.1 Bows
 - Level 1.3 Dodging
 - Level 0.4 Stealth


You had 2 spell levels left.
You didn't know any spells.
Your spell library was empty.

Dungeon Overview and Level Annotations

Branches:
Dungeon (3/15)

Altars:
Kikubaaqudgha
Okawaru
Xom


Innate Abilities, Weirdness & Mutations

You have hooves in place of feet.
Armour fits poorly on your strangely shaped body.
You cover ground very quickly.
You have extremely tough skin. (AC +3)


Message History

You closely miss the adder.
The adder is severely wounded.
You feel sick. The adder closely misses you. The adder barely misses you.
You miss the adder. Your kick misses the adder.
The adder is heavily wounded.
You feel sick. The adder barely misses you.
You closely miss the adder.
The adder is heavily wounded.
The adder bites you.
* * * LOW HITPOINT WARNING * * *
You are more poisoned.
The adder poisons you!
You closely miss the adder.
The adder is heavily wounded.
* * * LOW HITPOINT WARNING * * *
You feel sick. The adder barely misses you. The adder bites you.
* * * LOW HITPOINT WARNING * * *
It was a potion of brilliance.
You feel clever all of a sudden.
You die...

#.### #......# ###...###(....##
#####.## ##.###.##.......##
##.#.##
#######...##.#.........####..)...
.............+.........+.......##
#######...##.#.........####...###
##.#.....(....).# ##.>...
###.#.###S....# ##.### .#.#
#@...# #.# ...# #.#+##### #.#
#.#####.......# #.#
#.......#.###.# #.#
#######.#.###)# #.#
#....##.######.# #..............#
#....##.######## .........#


You could see an adder.

Vanquished Creatures
  An adder (D:2)
  A worm (D:2)
  A leopard gecko (D:2)
  A ball python (D:2)
  5 bats
  A giant cockroach (D:2)
  3 goblins (D:1)
  2 hobgoblins (D:1)
  4 kobolds
  A quokka (D:2)
  5 rats
25 creatures vanquished.

Notes
Turn   | Place    | Note
-------+----------+-------------------------------------------
     0 | D:1      | Emblim88 the Centaur Hunter began the quest for the Orb.
     0 | D:1      | Reached XP level 1. HP: 17/17 MP: 1/1
   718 | D:1      | Reached XP level 2. HP: 25/25 MP: 2/2
  1540 | D:2      | Reached skill level 6 in Bows
  1661 | D:2      | Reached XP level 3. HP: 28/30 MP: 3/3
  1965 | D:2      | Found an iron altar of Okawaru.
  2036 | D:2      | Found a shimmering altar of Xom.
  2037 | D:2      | Found an ancient bone altar of Kikubaaqudgha.
  2299 | D:3      | HP: 1/31 [adder (2)]
  2300 | D:3      | Succumbed to an adder's poison

Levels and vault maps discovered:
D:1:      dpeg_arrival_signposts, layout_loops_corners
D:2:      layout_loops_corners, nicolae_overflow_hidden_temple
D:3:      layout_loops_corners, kennysheep_slug_shrine, first_ration

Skill      XL: |  1  2  3 |
---------------+----------+-----
Bows           | 6 |  6.1
Fighting       | 3 |  3.0
Dodging        | |  1.3
Stealth        | |  0.4

Action                   || total
-------------------------++-------
Melee: Short sword       ||     7
 Fire: Shortbow          ||    83
  Use: Potion            ||     1
  Eat: Chunk             ||     2
Armor: Leather armour    ||    14
Dodge: Dodged            ||    18
